PA
WASHINGTON GENERALS @ SOUTH BEACH BLAZE
06/22/2034
 
TOP OF THE 1ST
Washington Generals batting - Pitching for South Beach Blaze : LHP Pavle Simic
Pitching: LHP Pavle Simic
Batting: RHB Juan Echerearria 0-0: Ball
1-0: Called Strike
1-1: Ground out 6-3 (Groundball, 6M)
Batting: RHB Charles Atkinson 0-0: Ball
1-0: Called Strike
1-1: Swinging Strike
1-2: Strikes out swinging
Batting: RHB Fernando Acevedo 0-0: Swinging Strike
0-1: Ball
1-1: Ball
2-1: Swinging Strike
2-2: Foul Ball, location: 2F
2-2: Ball
3-2: Fly out, F7 (Flyball, 7)
Top of the 1st over - 0 runs, 0 hits, 0 errors, 0 left on base; Washington 0 - South Beach 0
BOTTOM OF THE 1ST
South Beach Blaze batting - Pitching for Washington Generals : RHP Juan Carbajal
Pitching: RHP Juan Carbajal
Batting: LHB Javier López 0-0: Swinging Strike
0-1: Ball
1-1: Ground out 6-3 (Groundball, 6)
Batting: SHB Eisse van Opdorp 0-0: Foul Ball, location: 2F
0-1: Swinging Strike
0-2: Ground out U3 (Groundball, 3)
Batting: LHB Lewis Blankenship 0-0: SINGLE (Line Drive, 78S)
Batting: RHB Dave Broom 0-0: Foul Ball, location: 2F
0-1: Foul Ball, location: 2F
0-2: Ball
1-2: Foul Ball, location: 2F
1-2: Foul Ball, location: 2F
1-2: Ball
Lewis Blankenship steals 2nd base
2-2: Strikes out looking
Bottom of the 1st over - 0 runs, 1 hit, 0 errors, 1 left on base; Washington 0 - South Beach 0
TOP OF THE 2ND
Washington Generals batting - Pitching for South Beach Blaze : LHP Pavle Simic
Batting: RHB Ashton Bailey 0-0: Ball
1-0: Ball
2-0: Ground out 1-3 (Groundball, P)
Batting: LHB Silas Givens 0-0: Called Strike
0-1: Foul Ball, location: 2F
0-2: Ball
1-2: Ball
2-2: Foul Ball, location: 2F
2-2: Ball
3-2: Fly out, F8 (Flyball, 8LD)
Batting: RHB Wen-hua Zhào 0-0: Ball
1-0: Ball
2-0: Ball
3-0: Base on Balls
Batting: RHB Abel Murphy 0-0: Ball
Wen-hua Zhào is caught stealing 2nd base
Top of the 2nd over - 0 runs, 0 hits, 0 errors, 0 left on base; Washington 0 - South Beach 0
BOTTOM OF THE 2ND
South Beach Blaze batting - Pitching for Washington Generals : RHP Juan Carbajal
Batting: SHB Noah Martone 0-0: Called Strike
0-1: Called Strike
0-2: Foul Ball, location: 2F
0-2: Ground out 4-3 (Groundball, 4)
Batting: RHB Loring Rommel 0-0: Ball
1-0: Called Strike
1-1: Swinging Strike
1-2: Foul Ball, location: 2F
1-2: Strikes out looking
Batting: RHB Maxence Sultanbekov 0-0: Called Strike
0-1: Called Strike
0-2: Ground out 4-3 (Groundball, 4S)
Bottom of the 2nd over - 0 runs, 0 hits, 0 errors, 0 left on base; Washington 0 - South Beach 0
TOP OF THE 3RD
Washington Generals batting - Pitching for South Beach Blaze : LHP Pavle Simic
Batting: RHB Abel Murphy 0-0: Foul Ball, location: 2F
0-1: Ball
1-1: Called Strike
1-2: Ground out U3 (Groundball, 34)
Batting: RHB Raúl Ocasio 0-0: Ball
1-0: Ball
2-0: Ball
3-0: Base on Balls
Batting: LHB Mike O'Neil 0-0: SINGLE (Flyball, 89M)
Raúl Ocasio to second
Runner from 2nd tries for 3rd, SAFE, no throw
Batting: RHB Juan Echerearria 0-0: Ball
1-0: Ball
2-0: Ball
3-0: Base on Balls
Mike O'Neil to second
Batting: RHB Charles Atkinson 0-0: Ball
1-0: Called Strike
1-1: Ball
2-1: Foul Ball, location: 2F
2-2: Strikes out swinging
Batting: RHB Fernando Acevedo 0-0: Ball
1-0: Fly out, F2 (Popup, 2R)
Top of the 3rd over - 0 runs, 1 hit, 0 errors, 3 left on base; Washington 0 - South Beach 0
BOTTOM OF THE 3RD
South Beach Blaze batting - Pitching for Washington Generals : RHP Juan Carbajal
Batting: RHB Mark Patterson 0-0: Called Strike
0-1: Ball
1-1: Called Strike
1-2: Ball
2-2: Foul Ball, location: 2F
2-2: Ball
3-2: Base on Balls
Batting: RHB Marcos Reyes 0-0: Ball
1-0: Foul Ball, location: 2F
1-1: Swinging Strike
1-2: Strikes out swinging
Batting: LHB Javier López 0-0: Ball
1-0: Fly out, F9 (Flyball, 9LM)
Batting: SHB Eisse van Opdorp 0-0: Swinging Strike
0-1: Ball
1-1: Called Strike
1-2: Foul Ball, location: 2F
1-2: Ball
2-2: Strikes out swinging
Bottom of the 3rd over - 0 runs, 0 hits, 0 errors, 1 left on base; Washington 0 - South Beach 0
TOP OF THE 4TH
Washington Generals batting - Pitching for South Beach Blaze : LHP Pavle Simic
Batting: RHB Ashton Bailey 0-0: Called Strike
0-1: Ball
1-1: Foul Ball, location: 2F
1-2: Foul Ball, location: 2F
1-2: Fly out, F4 (Popup, 13S)
Batting: LHB Silas Givens 0-0: Foul Ball, location: 2F
0-1: Ground out 5-3 (Groundball, 25)
Batting: RHB Wen-hua Zhào 0-0: Ball
1-0: Called Strike
1-1: Ground out 5-3 (Groundball, 56)
Top of the 4th over - 0 runs, 0 hits, 0 errors, 0 left on base; Washington 0 - South Beach 0
BOTTOM OF THE 4TH
South Beach Blaze batting - Pitching for Washington Generals : RHP Juan Carbajal
Batting: LHB Lewis Blankenship 0-0: Called Strike
0-1: Ball
1-1: Foul Ball, location: 2F
1-2: Fly out, F4 (Line Drive, 4)
Batting: RHB Dave Broom 0-0: Ball
1-0: Ball
2-0: Fly out, F8 (Flyball, 8RM)
Batting: SHB Noah Martone 0-0: Ball
1-0: Called Strike
1-1: Fly out, F8 (Flyball, 8RD)
Bottom of the 4th over - 0 runs, 0 hits, 0 errors, 0 left on base; Washington 0 - South Beach 0
TOP OF THE 5TH
Washington Generals batting - Pitching for South Beach Blaze : LHP Pavle Simic
Batting: RHB Abel Murphy 0-0: Called Strike
0-1: Swinging Strike
0-2: Strikes out swinging
Batting: RHB Raúl Ocasio 0-0: Ball
1-0: Called Strike
1-1: Swinging Strike
1-2: Strikes out swinging
Batting: LHB Mike O'Neil 0-0: Called Strike
0-1: Ball
1-1: Called Strike
1-2: Strikes out looking
Top of the 5th over - 0 runs, 0 hits, 0 errors, 0 left on base; Washington 0 - South Beach 0
BOTTOM OF THE 5TH
South Beach Blaze batting - Pitching for Washington Generals : RHP Juan Carbajal
Batting: RHB Loring Rommel 0-0: Fly out, F7 (Flyball, 7D)
Batting: RHB Maxence Sultanbekov 0-0: Called Strike
0-1: Ground out 4-3 (Groundball, 4)
Batting: RHB Mark Patterson 0-0: Ball
1-0: Swinging Strike
1-1: Foul Ball, location: 2F
1-2: Foul Ball, location: 2F
1-2: Foul Ball, location: 2F
1-2: Ball
2-2: Ball
3-2: SINGLE (Line Drive, 6M)
Batting: RHB Marcos Reyes 0-0: Ground out 5-3 (Groundball, 5S)
Bottom of the 5th over - 0 runs, 1 hit, 0 errors, 1 left on base; Washington 0 - South Beach 0
TOP OF THE 6TH
Washington Generals batting - Pitching for South Beach Blaze : LHP Pavle Simic
Batting: RHB Juan Echerearria 0-0: Swinging Strike
0-1: Called Strike
0-2: Strikes out looking
Batting: RHB Charles Atkinson 0-0: Ball
1-0: Called Strike
1-1: Called Strike
1-2: Ball
2-2: Strikes out swinging
Batting: RHB Fernando Acevedo 0-0: Swinging Strike
0-1: Swinging Strike
0-2: Ground out 5-3 (Groundball, 5)
Top of the 6th over - 0 runs, 0 hits, 0 errors, 0 left on base; Washington 0 - South Beach 0
BOTTOM OF THE 6TH
South Beach Blaze batting - Pitching for Washington Generals : RHP Juan Carbajal
Batting: LHB Javier López 0-0: Ball
1-0: Ball
2-0: Ground out 4-3 (Groundball, 4)
Batting: SHB Eisse van Opdorp 0-0: Ball
1-0: Called Strike
1-1: Called Strike
1-2: Ball
2-2: Strikes out swinging
Batting: LHB Lewis Blankenship 0-0: Ball
1-0: DOUBLE (Line Drive, 9D)
Batting: RHB Dave Broom 0-0: Ball
1-0: Ground out 1-3 (Groundball, 15S)
Bottom of the 6th over - 0 runs, 1 hit, 0 errors, 1 left on base; Washington 0 - South Beach 0
TOP OF THE 7TH
Washington Generals batting - Pitching for South Beach Blaze : LHP Pavle Simic
Batting: RHB Ashton Bailey 0-0: Ball
1-0: Called Strike
1-1: Ball
2-1: Ground out 5-3 (Groundball, 5)
Batting: LHB Silas Givens 0-0: SINGLE (Groundball, 3S) (infield hit)
Batting: RHB Wen-hua Zhào 0-0: Called Strike
0-1: Ball
1-1: Ball
2-1: TRIPLE (Line Drive, 8LXD)
Silas Givens scores
Pitching: RHP Arturo Mesa
Batting: RHB Abel Murphy 0-0: Intentional Walk
Pinch Hitting: RHB Dale Clark 0-0: Ball
1-0: Swinging Strike
1-1: Ball
2-1: Ball
3-1: Called Strike
3-2: Grounds into double play, 4-6-3 (Groundball, 4)
Top of the 7th over - 1 run, 2 hits, 0 errors, 1 left on base; Washington 1 - South Beach 0
BOTTOM OF THE 7TH
South Beach Blaze batting - Pitching for Washington Generals : RHP Juan Carbajal
Now at SS: Dale Clark
Batting: SHB Noah Martone 0-0: Foul Ball, location: 2F
0-1: Ball
1-1: Foul Ball, location: 2F
1-2: Ball
2-2: Strikes out looking
Batting: RHB Loring Rommel 0-0: Ball
1-0: Ball
2-0: Ball
3-0: Called Strike
3-1: Fly out, F5 (Line Drive, 6S)
Batting: RHB Maxence Sultanbekov 0-0: Foul Ball, location: 2F
0-1: SINGLE (Line Drive, 7S)
Batting: RHB Mark Patterson 0-0: Called Strike
0-1: Ball
1-1: Ball
2-1: Fielders Choice at 2nd, 6-4 (Groundball, 6)
Bottom of the 7th over - 0 runs, 1 hit, 0 errors, 1 left on base; Washington 1 - South Beach 0
TOP OF THE 8TH
Washington Generals batting - Pitching for South Beach Blaze : RHP Arturo Mesa
Batting: LHB Mike O'Neil 0-0: Ball
1-0: Ball
2-0: Ball
3-0: Called Strike
3-1: Fly out, F7 (Flyball, 7LSF)
Batting: RHB Juan Echerearria 0-0: Foul Ball, location: 2F
0-1: Ball
1-1: Foul Ball, location: 2F
1-2: Hit by Pitch
Batting: RHB Charles Atkinson 0-0: Ball
1-0: Called Strike
1-1: Ball
2-1: Fly out, F8 (Line Drive, 8RD)
Batting: RHB Fernando Acevedo 0-0: Ball
1-0: Called Strike
1-1: Called Strike
1-2: Strikes out swinging
Top of the 8th over - 0 runs, 0 hits, 0 errors, 1 left on base; Washington 1 - South Beach 0
BOTTOM OF THE 8TH
South Beach Blaze batting - Pitching for Washington Generals : RHP Juan Carbajal
Now at C: Robin Padilla
Batting: RHB Marcos Reyes 0-0: Ball
1-0: Called Strike
1-1: Ball
2-1: Foul Ball, location: 2F
2-2: Ball
3-2: SINGLE (Groundball, 34D)
Batting: LHB Javier López 0-0: Sac Bunt - play at first, batter OUT! 3-4
Marcos Reyes to second
Batting: SHB Eisse van Opdorp 0-0: Fly out, F4 (Popup, 4MD)
Batting: LHB Lewis Blankenship 0-0: Ball
1-0: Called Strike
1-1: 2-RUN HOME RUN (Flyball, 89D), Distance : 414 ft
Batting: RHB Dave Broom 0-0: Swinging Strike
0-1: Called Strike
0-2: SOLO HOME RUN (Flyball, 7D), Distance : 428 ft
Batting: SHB Noah Martone 0-0: Ball
1-0: Ball
2-0: Ball
3-0: Base on Balls
Pitching: LHP Jeremy Sears
Batting: RHB Loring Rommel 0-0: Fly out, F5 (Popup, 15)
Bottom of the 8th over - 3 runs, 3 hits, 0 errors, 1 left on base; Washington 1 - South Beach 3
TOP OF THE 9TH
Washington Generals batting - Pitching for South Beach Blaze : RHP Arturo Mesa
Batting: RHB Ashton Bailey 0-0: Called Strike
0-1: SOLO HOME RUN (Flyball, 9LD), Distance : 367 ft
Batting: LHB Silas Givens 0-0: Ball
1-0: Foul Ball, location: 2F
1-1: Swinging Strike
1-2: Strikes out swinging
Batting: RHB Wen-hua Zhào 0-0: Ball
1-0: Called Strike
1-1: Ball
2-1: Ground out 1-3 (Groundball, 13)
Batting: RHB Abel Murphy 0-0: SINGLE (Flyball, 8LS)
Batting: RHB Dale Clark 0-0: Ball
1-0: Fly out, F4 (Popup, 4S)
Top of the 9th over - 1 run, 2 hits, 0 errors, 1 left on base; Washington 2 - South Beach 3
Friday, March 29th, 2019 - OOTP Baseball 18.8 Build 76